 Dungeon Crawl Stone Soup version 0.29.1-15-g9cfb28693d (webtiles) character file.

Game seed: 13011809057427920091

413 Tirrikindir the Slasher (level 6, -3/43 HPs)
             Began as an Octopode Fighter on Apr 16, 2023.
             Slain by an orc wizard
             ... wielding a +0 dagger
              (4 damage)
             ... on level 4 of the Dungeon on Apr 20, 2023.
             The game lasted 00:09:24 (4079 turns).

Tirrikindir the Slasher (Octopode Fighter)          Turns: 4079, Time: 00:09:25

Health: -3/43      AC:  1    Str: 16    XL:     6   Next: 91%
Magic:  6/6        EV: 18    Int: 10    God:
Gold:   24         SH:  5    Dex: 13    Spells: 5/5 levels left

rFire   + . .      SeeInvis .   a - +0 long sword
rCold   . . .      Faith    .   b - +0 buckler
rNeg    . . .      Spirit   .   (helmet restricted)
rPois   .          Reflect  .   s - amulet of the acrobat
rElec   .          Harm     .   k - ring of wizardry
rCorr   .          Rampage  .   l - +4 ring of evasion
Will    .....                   j - ring of protection from fire
Stlth   +++.......              (no ring)
HPRegen 0.14/turn               (no ring)
MPRegen 0.10/turn               (no ring)
                                (no ring)
                                (no ring)

@: mighty, unable to drink
A: almost no armour, amphibious, 8 rings, camouflage 1, gelatinous body 1,
(nimble swimmer 1), tentacles, inability to drink after injury 1
a: no special abilities


You were on level 4 of the Dungeon.
You visited 1 branch of the dungeon, and saw 4 of its levels.

You collected 177 gold pieces.
You spent 153 gold pieces at shops.

Inventory:

Hand Weapons
 a - a +0 long sword (weapon)
 u - a +2 short sword of venom
Armour
 b - a +0 buckler (worn)
Jewellery
 j - a ring of protection from fire (on tentacle)
 k - a ring of wizardry (left tentacle)
 l - a +4 ring of evasion (right tentacle)
 s - an amulet of the acrobat (around mantle)
Wands
 t - a wand of paralysis (6)
Scrolls
 e - a scroll of enchant weapon {unknown}
 m - a scroll of fog {unknown}
 n - a scroll of acquirement {unknown}
 q - a scroll of identify
Potions
 d - 3 potions of cancellation
 f - 2 potions of brilliance
 h - 2 potions of flight
 i - 3 potions of curing
 o - 2 potions of attraction {unknown}
 p - a potion of haste {unknown}
 r - a potion of heal wounds {unknown}


   Skills:
 - Level 4.0 Fighting
 * Level 4.5 Long Blades
 - Level 4.0 Dodging
 + Level 4.0 Stealth
 - Level 4.0 Shields


You had 5 spell levels left.
You didn't know any spells.
Your spell library was empty.

Dungeon Overview and Level Annotations

Branches:
Dungeon (4/15)
 Temple: D:4-7

Altars:
Okawaru

Shops:
D:4 (*


Innate Abilities, Weirdness & Mutations

You cannot wear most types of armour.
You are amphibious.
You can wear up to eight rings at the same time.
Your skin changes colour to match your surroundings (Stealth+).
Your rubbery body absorbs attacks. (AC +1, EV +1)
((You are camouflaged when in or above water. (Stealth+)))
You have tentacles for arms and can constrict up to eight enemies at once.
You occasionally lose the ability to drink potions when taking damage.


Message History

The orc closely misses you.
The goblin falls through a shaft!
The shaft crumbles and collapses.
You block the orc's attack. The orc misses you. The orc barely misses you.
The orc attacks as you move away! You block the orc's attack.
The orc attacks as you move away! The orc completely misses you.
You closely miss the orc. You grab the orc. You squeeze the orc.
The orc is severely wounded.
You constrict the orc.
You kill the orc!
You hear some strange, mumbled words.
A puff of flame appears from out of thin air!
The puff of flame hits you. You resist. Something hits you.
You feel very mighty all of a sudden.
You hear some strange, mumbled words.
You are confused.
You're too confused to move!
The orc hits you from afar with a +2 vampiric trident.
You hear some strange, mumbled words.
A magic dart appears from out of thin air!
The magic dart hits you!
You feel threatened and lose the ability to drink potions!
You closely miss something.
Your tentacle-slap misses something.
The orc closely misses you. Something hits you.
You miss something.
The orc hits you from afar with a +2 vampiric trident!
* * * LOW HITPOINT WARNING * * *
Something hits you.
* * * LOW HITPOINT WARNING * * *
You cannot drink potions in your current state!
You bump into the rock wall.
The orc closely misses you. Something hits you.
* * * LOW HITPOINT WARNING * * *
You cannot drink potions in your current state!
You're too confused to move!
You feel less confused. Something barely misses you. Something hits you.
You die...

.♣.♣.♣.......#.#
#...♣.♣.♣.♣..#.....#
..♣.♣._.♣.♣.#..##..
...♣.♣.♣.♣..#..####
#...♣.♣.♣...#......
#....♣.♣....#....∩.
#.#...♣...#.###...(
#.....o.....# #....
#@####....## #....
#..oo.....# #...)
######....# #....
#....# #....
#....########
#..........#
#.....)....#
####.......#
#.......#


You could see 3 orcs.

Vanquished Creatures
  Grinder (D:3)
  An orc priest (D:4)
  An iguana (D:4)
  Ijyb (D:4)
  An orc wizard (D:4)
  2 adders
  2 worms (D:2)
  A dart slug (D:3)
  14 orcs
  5 ball pythons
  7 endoplasms
  8 goblins
  5 hobgoblins
  2 jackals (D:4)
  2 quokkas
  6 bats
  4 frilled lizards
  9 kobolds
  9 rats
81 creatures vanquished.

Notes
Turn   | Place    | Note
-------+----------+-------------------------------------------
     0 | D:1      | Tirrikindir the Octopode Fighter began the quest for the
                  | Orb.
     0 | D:1      | Reached XP level 1. HP: 16/16 MP: 1/1
   416 | D:1      | Reached XP level 2. HP: 21/21 MP: 2/2
   619 | D:1      | Reached skill level 1 in Stealth
  1206 | D:2      | Reached XP level 3. HP: 26/26 MP: 3/3
  2388 | D:3      | Reached XP level 4. HP: 28/31 MP: 4/4
  2703 | D:3      | Gained mutation: You occasionally lose the ability to drink
                  | potions when taking damage. [potion of mutation]
  2703 | D:3      | Gained mutation: You are frail. (-10% HP) [potion of
                  | mutation]
  2703 | D:3      | Lost mutation: You are frail. (-10% HP) [potion of
                  | mutation]
  2798 | D:3      | Noticed Grinder
  2808 | D:3      | Killed Grinder
  2809 | D:3      | Reached XP level 5. HP: 19/37 MP: 5/5
  2809 | D:3      | Reached XP level 6. HP: 22/43 MP: 6/6
  3304 | D:4      | Found an iron altar of Okawaru.
  3329 | D:4      | Found Ponualuc's Assorted Antiques.
  3333 | D:4      | Bought a dented lapis lazuli amulet for 130 gold pieces
  3333 | D:4      | Bought an orange potion for 23 gold pieces
  3340 | D:4      | Noticed Ijyb
  3341 | D:4      | Found Piogarit's Weapon Shop.
  3348 | D:4      | Paralysed by Ijyb for 2 turns
  3352 | D:4      | Killed Ijyb
  4075 | D:4      | HP: 2/43 [something (4)]
  4079 | D:4      | Slain by an orc wizard

Illustrated notes

Levels and vault maps discovered:
D:1:      heliophobic_arrival_enchanted_forest, layout_basic,
          grunt_decor_arrowhead, minmay_misc_feat_cross,
          nicolae_concentric_dashed_squares_wild
D:2:      layout_loops_ring, corner_web_ring
D:3:      layout_basic, uniq_grinder
D:4:      layout_basic, okawaru_trees_2, serial_shops, nicolae_shop_stone, shop,
          nicolae_square_shop, uniq_ijyb

Skill      XL: |  1  2  3  4  5  6 |
---------------+-------------------+-----
Stealth        | 1 3 4 |  4.0
Long Blades    | 3 4 |  4.5
Fighting       | 4 |  4.0
Dodging        | 4 |  4.0
Shields        | 4 |  4.0

Action                   |  1- 3 |  4- 6 || total
-------------------------+-------+-------++-------
Melee: Long sword        |    85 |    78 ||   163
       Constrict         |    17 |    20 ||    37
       Tentacles         |    14 |    22 ||    36
       Punch             |       |     2 ||     2
  Use: Scroll            |     7 |     3 ||    10
       Potion            |       |     2 ||     2
 Stab: Sleeping          |    11 |     9 ||    20
Armor: Skin              |     9 |     1 ||    10
Dodge: Dodged            |    49 |    48 ||    97
Block: Buckler           |    15 |    17 ||    32
